 Dungeon Crawl Stone Soup version 0.22-a0-292-g0df9d5f (webtiles) character file.

44 Amnesiac the Gusty (level 3, -5/20 HPs)
             Began as a Tengu Air Elementalist on Mar 23, 2018.
             Slain by Karim's ghost (21 damage)
             ... on level 4 of the Dungeon.
             The game lasted 00:01:20 (1057 turns).

Amnesiac the Gusty (Tengu Air Elementalist)         Turns: 1057, Time: 00:01:21

Health: -5/20      AC:  2    Str:  8    XL:     3   Next: 62%
Magic:  1/7        EV: 13    Int: 16    God:
Gold:   70         SH:  0    Dex: 14    Spells: 5/6 levels left

rFire    . . .     SeeInvis .   (no weapon)
rCold    . . .     Gourm    .   (no shield)
rNeg     . . .     Faith    .   a - +0 robe
rPois    .         Spirit   .   (helmet restricted)
rElec    .         Reflect  .   (no cloak)
rCorr    .         Harm     .   (no gloves)
MR       .....                  (boots unavailable)
Stlth    ++........             (no amulet)
HPRegen  0.06/turn              (no ring)
MPRegen  0.10/turn              (no ring)

@: lethally poisoned (-5 -> -8)
A: beak, talons 3
a: no special abilities


You were on level 4 of the Dungeon.
You were not hungry.

You visited 1 branch of the dungeon, and saw 3 of its levels.

You collected 70 gold pieces.

Inventory:

Armour
 a - a +0 robe (worn)
Scrolls
 b - a scroll of enchant weapon {!r, unknown}
 f - a scroll of magic mapping {!r, unknown}
 g - 2 scrolls of remove curse {!r, unknown}
 h - 3 scrolls of identify {!r, unknown}
 j - a scroll of amnesia {!r, unknown}
 m - a scroll of blinking {!r, unknown}
 n - a scroll of immolation {!r, unknown}
Potions
 e - a potion of heal wounds {!q, unknown}
 i - 2 potions of curing {!q, unknown}
 k - a potion of haste {!q, unknown}
 l - a potion of degeneration {!q, unknown}
Comestibles
 c - a ration
 d - 7 chunks of flesh


   Skills:
 + Level 1.0 Fighting
 * Level 3.0 Dodging
 - Level 2.0 Stealth
 + Level 2.3 Spellcasting
 - Level 1.3 Conjurations
 * Level 4.8 Air Magic


You had 5 spell levels left.
You knew the following spells:

 Your Spells              Type           Power        Failure   Level  Hunger
a - Shock                 Conj/Air       ##..         5%          1    #......


Dungeon Overview and Level Annotations

Branches:
Dungeon (2/15)

Altars:

Annotations:
D:4 Karim's ghost, novice TrMo


Innate Abilities, Weirdness & Mutations

You have a beak for a mouth.
You have claws for feet.


Message History

The zap hits the kobold.
You kill the kobold!
n - a scroll labeled SOPRETURIJ {!r}
Casting: Shock (safe; 6% risk of failure)
Confirm with . or Enter, or press ? or * to list all spells.
You can't see any susceptible monsters within range! (Use Z to cast anyway.)
i - 2 blue potions {!q} (gained 1)
You butcher the dart slug corpse.
d - 7 chunks of flesh (gained 2)
Your magical contamination has completely faded away.
You fall through a shaft for 2 floors!
The shaft crumbles and collapses.
An adder comes into view.
Found a leather armour and a scroll labeled TEAVOI CID HEA.
Found a stone staircase leading down.
An adder is nearby!
Casting: Shock (safe; 6% risk of failure)
Confirm with . or Enter, or press ? or * to list all spells.
Aiming: Shock (safe; 6% risk of failure)
Press: ? - help, Shift-Dir - straight line, f - adder
Aim: an adder (resting)
The zap hits the adder.
The adder is moderately wounded.
The adder hisses angrily.
An adder is nearby!
Casting: Shock (safe; 6% risk of failure)
Confirm with . or Enter, or press ? or * to list all spells.
Aiming: Shock (safe; 6% risk of failure)
Press: ? - help, Shift-Dir - straight line, f/p - adder
Aim: an adder (moderately wounded)
The zap hits the adder.
The adder is severely wounded.
An adder is nearby!
Casting: Shock (safe; 6% risk of failure)
Confirm with . or Enter, or press ? or * to list all spells.
Aiming: Shock (safe; 6% risk of failure)
Press: ? - help, Shift-Dir - straight line, f/p - adder
Aim: an adder (severely wounded)
The zap misses the adder.
The adder closely misses you. The adder bites you.
You are poisoned.
The adder poisons you!
Karim's ghost (novice Troll Monk) comes into view.
Karim's ghost turns its malevolent gaze towards you.
There are monsters nearby!
Casting: Shock (safe; 6% risk of failure)
Confirm with . or Enter, or press ? or * to list all spells.
Aiming: Shock (safe; 6% risk of failure)
Press: ? - help, Shift-Dir - straight line, f/p - adder
Aim: an adder (severely wounded)
The zap hits the adder.
You kill the adder!
Your Fighting skill increases to level 1!
Your Dodging skill increases to level 3!
You feel sick. Karim's ghost closely misses you.
Karim's ghost is nearby!
Casting: Shock (safe; 5% risk of failure)
Confirm with . or Enter, or press ? or * to list all spells.
Aiming: Shock (safe; 5% risk of failure)
Press: ? - help, Shift-Dir - straight line The zap hits Karim's ghost.
Karim's ghost resists.
Karim's ghost is lightly damaged.
The zap misses Karim's ghost.
Karim's ghost hits you!!
Ouch! That really hurt!
You die...

...........
#.........
#.........
.........
.........
........#
.......>#
......[@#
.....?#.W.#
..... #.###
...# s.# ..
.## . .# #


You could see Karim's ghost and a giant cockroach.

Vanquished Creatures
  An adder (D:4)
  3 dart slugs
  4 bats
  A giant cockroach (D:2)
  4 goblins
  2 hobgoblins (D:1)
  3 jackals (D:1)
  3 frilled lizards
  3 kobolds
  4 rats
28 creatures vanquished.

Notes
Turn   | Place    | Note
-------+----------+-------------------------------------------
     0 | D:1      | Amnesiac the Tengu Air Elementalist began the quest for the Orb.
     0 | D:1      | Reached XP level 1. HP: 10/10 MP: 4/4
    95 | D:1      | Reached XP level 2. HP: 13/15 MP: 0/6
   614 | D:1      | Reached XP level 3. HP: 6/20 MP: 0/7
  1052 | D:2      | You fall through a shaft for 2 floors!
  1055 | D:4      | Noticed Karim's ghost (novice TrMo)
  1056 | D:4      | Reached skill level 1 in Fighting
  1057 | D:4      | Slain by Karim's ghost

Vault maps used:
D:1:      dpeg_arrival_ternary, minmay_tromino_v4_b
D:2:      minmay_stone_trees_small

Skill      XL: |  1  2  3 |
---------------+----------+-----
Fighting       | 1 |  1.0
Dodging        | 3 |  3.0
Stealth        | |  2.0
Spellcasting   | |  2.3
Conjurations   | |  1.3
Air Magic      | |  4.8

Action                   || total
-------------------------++-------
Melee: Unarmed           ||     8
       Kick              ||     3
 Cast: Shock             ||    52
  Eat: Chunk             ||     1
Armor: Robe              ||     4
Dodge: Dodged            ||    19

Table legend:
 A = Spawn XP
 B = Non-spawn XP
 C = Spawn XP percentage of total XP
 D = Spawn monster count
 E = Non-spawn monster count
 F = Spawn count percentage of total count
 G = Total turns spent on level
                    A         B        C        D         E        F      G
               +---------+---------+-------+---------+---------+-------+---------
         Total |       0 |      64 |   0.0 |       0 |      28 |   0.0 |  1057
               +---------+---------+-------+---------+---------+-------+---------
           D:1 |       0 |      34 |   0.0 |       0 |      19 |   0.0 |   850
           D:2 |       0 |      17 |   0.0 |       0 |       8 |   0.0 |   202
           D:4 |       0 |      13 |   0.0 |       0 |       1 |   0.0 |     5
               +---------+---------+-------+---------+---------+-------+---------
